 Dungeon Crawl Stone Soup version 0.26-a0-958-gf3041fb45f (webtiles) character file.

Game seed: 15017814315379777723

242 marklar909 the Sneak (level 5, -3/53 HPs)
             Began as a Troll Delver on Nov 30, 2020.
             Was a Follower of Makhleb.
             Killed from afar by Natasha (5 damage)
             ... with a magic dart
             ... on level 2 of the Dungeon.
             The game lasted 00:03:41 (1800 turns).

marklar909 the Sneak (Troll Delver)                 Turns: 1800, Time: 00:03:41

Health: -3/53      AC:  6    Str: 20    XL:     5   Next: 82%
Magic:  4/4        EV: 10    Int: 12    God:    Makhleb [*.....]
Gold:   54         SH:  0    Dex: 12    Spells: 4/4 levels left

rFire    . . .     SeeInvis .   a - +0 mace
rCold    . . .     Faith    .   (no shield)
rNeg     . . .     Spirit   .   b - +0 robe
rPois    .         Reflect  .   (helmet restricted)
rElec    .         Harm     .   (no cloak)
rCorr    .         Rampage  .   (gloves unavailable)
MR       .....                  (boots unavailable)
Stlth    ++........             n - amulet of the acrobat
HPRegen  0.57/turn              i - +6 ring of intelligence
MPRegen  0.09/turn              (no ring)

@: no status effects
A: large, unfitting armour, claws 3, regeneration 1, shaggy fur 1, tough skin 3
a: Renounce Religion


You were on level 2 of the Dungeon.
You worshipped Makhleb.
Makhleb was aware of your devotion.
You visited 1 branch of the dungeon, and saw 5 of its levels.

You collected 54 gold pieces.

Inventory:

Hand Weapons
 a - a +0 mace (weapon)
Armour
 b - a +0 robe (worn)
Jewellery
 i - a +6 ring of intelligence (left claw)
 n - an amulet of the acrobat (around neck)
Wands
 g - a wand of digging (3)
Scrolls
 c - a scroll of fog
 d - 2 scrolls of magic mapping
 e - 2 scrolls of fear
 h - a scroll of remove curse {unknown}
 j - a scroll of enchant armour {unknown}
 k - 4 scrolls of identify {unknown}
 m - a scroll of teleportation {unknown}
 p - a scroll of amnesia {unknown}
Potions
 f - a potion of haste
 l - 4 potions of curing {unknown}
 o - 2 potions of heal wounds {unknown}


   Skills:
 + Level 3.1 Fighting
 + Level 3.1 Maces & Flails
 + Level 2.3 Dodging
 + Level 3.7 Stealth


You had 4 spell levels left.
You didn't know any spells.
Your spell library was empty.

Dungeon Overview and Level Annotations

Branches:
Dungeon (5/15)
 Temple: D:4-7

Altars:
Cheibriados
Dithmenos
Fedhas
Makhleb
Ru
Trog
Yredelemnul
The Shining One

Shops:
D:4 [

Annotations:
D:2 Natasha


Innate Abilities, Weirdness & Mutations

You are too large for most types of armour.
You have claws for hands.
Your natural rate of healing is unusually fast.
You are covered in fur. (AC +1)
You have extremely tough skin. (AC +3)


Message History

Natasha is heavily wounded.
Natasha claws you!
* * * LOW HITPOINT WARNING * * *
You sock Natasha!
Natasha is almost dead.
Natasha stares at you and mumbles some strange words.
The magic dart hits you.
* * * LOW HITPOINT WARNING * * *
You hit Natasha but do no damage.
Natasha is almost dead.
Natasha casts a spell.
Natasha stares at you and mumbles some strange words.
The magic dart hits you!
* * * LOW HITPOINT WARNING * * *
You completely miss Natasha.
Natasha is almost dead.
The white imp hits you but does no damage.
Natasha stares at you and mumbles some strange words.
The magic dart hits you.
You die...

..#.# #...##..# #.# ##..#
#..)##..## #.# ##..#
#######..# #.# ....# #..##
#.# ....# ####...## #.#
##########.......# #.#
##_#.#.#_#.###...# #.#
.#.#.#.#.8.# ##5.# #.#
......)....# #.@# #.#
...........# ##h###.#
.#.#.#.#.8## #.....#
_#.#.#_#⌠#.# #..####
##########.# #(..# #####..#
#.#####.#.## .......#
#.........>########
######.###...........).....#
#.............###########


You could see Natasha and a white imp (summoned).

Vanquished Creatures
  A centaur (D:5)
  An orc wizard (D:4)
  Jessica (D:2)
  Natasha (D:2)
  2 gnolls (D:1)
  An adder (D:2)
  A worm (D:2)
  4 dart slugs
  2 orcs (D:4)
  3 bats
  4 giant cockroaches
  5 goblins
  3 hobgoblins (D:2)
  4 jackals (D:2)
  A quokka (D:2)
  2 ball pythons
  A frilled lizard (D:2)
  5 kobolds (D:1)
  11 rats
53 creatures vanquished.

Notes
Turn   | Place    | Note
-------+----------+-------------------------------------------
     0 | D:5      | marklar909 the Troll Delver began the quest for the Orb.
     0 | D:5      | Reached XP level 1. HP: 22/22 MP: 0/0
    13 | D:5      | Noticed a centaur
    27 | D:5      | Killed a centaur
    28 | D:5      | Reached XP level 2. HP: 6/29 MP: 1/1
    28 | D:5      | Reached XP level 3. HP: 8/36 MP: 2/2
    28 | D:5      | Reached XP level 4. HP: 10/44 MP: 3/3
   181 | D:4      | Found Emionenti's Antique Armour Emporium.
   382 | D:2      | Found a blossoming altar of Fedhas.
   440 | D:2      | Noticed Jessica
   526 | D:2      | Found a bloodstained altar of Trog.
   717 | D:2      | Reached XP level 5. HP: 53/53 MP: 4/4
   815 | D:2      | Found a snail-covered altar of Cheibriados.
   823 | D:2      | Killed Jessica
   824 | D:2      | Found a burning altar of Makhleb.
   824 | D:2      | Found a basalt altar of Yredelemnul.
   826 | D:2      | Found a shadowy altar of Dithmenos.
   830 | D:2      | Found a sacrificial altar of Ru.
   833 | D:2      | Became a worshipper of Makhleb the Destroyer
   951 | D:2      | Noticed Natasha
   967 | D:2      | Killed Natasha
  1566 | D:1      | Reached * piety under Makhleb
  1725 | D:2      | Found a glowing golden altar of the Shining One.
  1782 | D:2      | Noticed Natasha
  1799 | D:2      | HP: 1/53 [Natasha/magic dart (10)]
  1800 | D:2      | Killed from afar by Natasha

Illustrated notes

Levels and vault maps discovered:
D:1:      dpeg_arrival_ratfight, layout_loops_cross
D:2:      layout_basic, tso_altar, minitemple, corexii_item_surrounded_by_moat,
          fedhas_ov_isle_minmay, uniq_natasha, uniq_jessica
D:3:      layout_loops_corners, grunt_temple_overflow_gold_and_silver,
          lemuel_round_altar, okawaru_ov_weapons_minmay
D:4:      layout_loops_corners, ebering_ghost_rock_garden, serial_shops,
          nicolae_shop_window_shopping, kennysheep_mini_moat,
          nicolae_shop_temple_entry_statues_fountains, roderic_batcave,
          kennysheep_potato
D:5:      layout_gridville

Skill      XL: |  1  2  3  4  5 |
---------------+----------------+-----
Stealth        | 3 |  3.7
Maces & Flails | 2 3 |  3.1
Fighting       | 3 |  3.1
Dodging        | 2 |  2.3

Action                   |  1- 3 |  4- 6 || total
-------------------------+-------+-------++-------
Melee: Mace              |     7 |   191 ||   198
 Stab: Sleeping          |       |    10 ||    10
Armor: Robe              |     4 |    86 ||    90
Dodge: Dodged            |     6 |   111 ||   117

Table legend: (Time is in decaauts)
 A = Elapsed time spent in this place.
 B = Non-inter-level travel time spent in this place.
 C = Inter-level travel time spent in this place.
 D = Time resting spent in this place.
 E = Time spent auto-exploring this place.
 F = Levels seen in this place.
 G = Mean time per level.
                   A        B        C        D        E       F      G
               +--------+--------+--------+--------+--------+-----+--------+
         Total |   1873 |   1643 |    230 |     91 |   1041 |   5 |  374.6 |
       Dungeon |   1873 |   1643 |    230 |     91 |   1041 |   5 |  374.6 |
               +--------+--------+--------+--------+--------+-----+--------+

Top non-repeatable levels by time:
     D:2: 793 daAuts
     D:1: 700 daAuts
     D:4: 230 daAuts
     D:5: 108 daAuts
     D:3: 41 daAuts
